 Dungeon Crawl Stone Soup version 0.23-a0-635-g88ca12a7de (webtiles) character file.

2522 HereIgoKillingAgain the Severer (level 9, 0/70 HPs)
             Began as a Hill Orc Fighter on Dec 27, 2018.
             Was a Follower of Beogh.
             Slain by an orc warrior
             ... wielding a +3 dire flail
              (7 damage)
             ... on level 7 of the Dungeon.
             The game lasted 00:07:44 (7013 turns).

HereIgoKillingAgain the Severer (Hill Orc Fighter)  Turns: 7013, Time: 00:07:44

Health: 0/70       AC: 11    Str: 19    XL:     9   Next: 54%
Magic:  0/9        EV: 11    Int: 11    God:    Beogh [*.....]
Gold:   367        SH:  0    Dex: 10    Spells: 8/8 levels left

rFire    . . .     SeeInvis .   a - +0 war axe
rCold    . . .     Gourm    .   (no shield)
rNeg     . . .     Faith    .   h - +1 chain mail {rPois}
rPois    +         Spirit   +   (no helmet)
rElec    .         Reflect  .   v - +0 cloak
rCorr    .         Harm     .   (no gloves)
MR       .....                  (no boots)
Stlth    ..........             u - amulet of guardian spirit
HPRegen  0.21/turn              g - +4 ring of evasion
MPRegen  0.11/turn              t - ring of poison resistance

@: no status effects
A: no striking features
a: Renounce Religion


You were on level 7 of the Dungeon.
You worshipped Beogh.
Beogh was aware of your devotion.
You were not hungry.

You visited 1 branch of the dungeon, and saw 7 of its levels.

You collected 367 gold pieces.

Inventory:

Hand Weapons
 a - a +0 war axe (weapon)
 p - a +3 quarterstaff of chaos
Armour
 h - a +1 chain mail of poison resistance (worn)
 v - a +0 cloak (worn)
 E - the +1 leather armour "Gysywiuf" {Dex+4}
   (You found it on level 6 of the Dungeon)

   It affects your dexterity (+4).
Jewellery
 g - a +4 ring of evasion (left hand)
 t - a ring of poison resistance (right hand)
 u - an amulet of guardian spirit (around neck)
 y - an uncursed ring of protection from fire
 D - an uncursed ring of see invisible
Wands
 n - a wand of digging (5)
 F - a wand of iceblast (10)
Scrolls
 b - 2 scrolls of teleportation
 d - 2 scrolls of enchant armour {unknown}
 j - 6 scrolls of remove curse
 k - a scroll of fear {unknown}
 w - a scroll of amnesia {unknown}
 x - a scroll of noise {unknown}
 A - a scroll of immolation {unknown}
 B - a scroll of vulnerability {unknown}
 C - a scroll of holy word {unknown}
 G - a scroll of identify
Potions
 c - 2 potions of invisibility
 e - 2 potions of heal wounds
 i - a potion of ambrosia
 l - a potion of cancellation
 m - a potion of experience {unknown}
 o - a potion of mutation {unknown}
 q - a potion of brilliance {unknown}
 r - a potion of magic {unknown}
 s - 2 potions of flight {unknown}
 z - a potion of might
Comestibles
 f - 16 rations


   Skills:
 - Level 3.6 Fighting
 + Level 15.5 Axes
 - Level 3.2 Armour
   Level 3.2 Shields


You had 8 spell levels left.
You didn't know any spells.
Your spell library contained the following spells:

 Spells                   Type           Power        Failure   Level  Hunger
 Flame Tongue             Conj/Fire      #....        99%         1    ##.....
 Summon Small Mammal      Summ           #...         99%         1    ##.....
 Call Imp                 Summ           #.......     99%         2    ###....
 Throw Flame              Conj/Fire      #.....       99%         2    ###....
 Call Canine Familiar     Summ           #.......     100%        3    ####...
 Conjure Flame            Conj/Fire      #.......     100%        3    ####...
 Inner Flame              Hex/Fire       #.......     100%        3    ####...
 Summon Guardian Golem    Hex/Summ       #.......     100%        3    ####...
 Sticky Flame             Conj/Fire      #.......     100%        4    #####..
 Summon Ice Beast         Ice/Summ       #.......     100%        4    #####..
 Summon Lightning Spire   Summ/Air       #.......     100%        4    #####..
 Fireball                 Conj/Fire      #.........   100%        5    ######.
 Irradiate                Conj/Tmut      #.........   100%        5    ######.
 Hydra Form               Tmut           #.........   100%        6    #######
 Statue Form              Tmut/Erth      #........    100%        6    #######
 Dragon Form              Tmut           #.........   100%        7    #######


Dungeon Overview and Level Annotations

Branches:
Dungeon (7/15)             Temple (0/1) D:7

Altars:
Elyvilon
Fedhas
Kikubaaqudgha
Nemelex Xobeh
Qazlal
Vehumet
Wu Jian
The Shining One


Message History

You closely miss the orc warrior.
The orc warrior is severely wounded.
You closely miss the orc warrior.
The orc warrior is severely wounded.
The orc warrior hits you with a +3 dire flail!
You completely miss the orc warrior.
The orc warrior is severely wounded.
The orc warrior hits you with a +3 dire flail!
* * * LOW HITPOINT WARNING * * *
You hit the orc warrior.
The orc warrior is almost dead.
You closely miss the orc warrior.
The orc warrior is almost dead.
The orc warrior hits you with a +3 dire flail!
* * * LOW HITPOINT WARNING * * *
You barely miss the orc warrior.
The orc warrior is almost dead.
The orc warrior hits you with a +3 dire flail!
You die...
Beogh appreciates the orc warrior's killing of a heretic priest.

#..........................#
#.....##...................#
#.....##...................#
#.....##...####.###..####..#
#.....#########.# #..# #..#
+......'.....#... #...# ...#
########.....#.[..#...# ..#
?..###'####...#...+
........@o.#...#..##
........)).# #..#
...........# #...
!............ #####+#####...
....# ...# ...#


You could see an orc warrior.

Vanquished Creatures
  A hippogriff (D:7)
  3 orc warriors
  2 phantoms
  2 ogres
  A centaur (D:7)
  2 bullfrogs
  A scorpion (D:7)
  2 water moccasin skeletons
  3 crimson imps
  4 hounds
  A jelly (D:6)
  An orc priest (D:6)
  Crazy Yiuf (D:2)
  A bullfrog skeleton (D:4)
  3 centaur skeletons
  An iguana (D:5)
  Ijyb (D:4)
  Natasha (twice) (D:2)
  Terence (D:2)
  4 orc wizards
  7 worker ants
  2 worker ant zombies
  3 gnolls
  A howler monkey skeleton (D:4)
  10 adders
  2 shadow imps (D:6)
  An ooze (D:2)
  A worm (D:4)
  2 dart slugs
  6 leopard geckos
  22 orcs
  3 ball pythons (D:5)
  5 bats
  5 giant cockroaches
  7 goblins
  10 hobgoblins
  10 jackals
  5 quokkas
  6 frilled lizards
  A jackal skeleton (D:4)
  11 kobolds
  6 rats
163 creatures vanquished.

Vanquished Creatures (others)
  A centaur zombie (D:7)
  An orc priest (D:6)
  An orc wizard (D:6)
  3 orcs (D:6)
6 creatures vanquished.

Grand Total: 169 creatures vanquished

Notes
Turn   | Place    | Note
-------+----------+-------------------------------------------
     0 | D:1      | HereIgoKillingAgain the Hill Orc Fighter began the quest
                  | for the Orb.
     0 | D:1      | Reached XP level 1. HP: 19/19 MP: 1/1
    90 | D:1      | Reached skill level 3 in Axes
   108 | D:1      | Reached XP level 2. HP: 21/26 MP: 2/2
   237 | D:1      | Reached skill level 4 in Axes
   534 | D:1      | Reached XP level 3. HP: 31/31 MP: 3/3
   652 | D:2      | Found a sparkling altar of Nemelex Xobeh.
   904 | D:2      | Reached skill level 5 in Axes
   964 | D:2      | Noticed Terence
   980 | D:2      | Killed Terence
   980 | D:2      | Reached XP level 4. HP: 17/39 MP: 4/4
  1218 | D:2      | Noticed Natasha
  1224 | D:2      | Killed Natasha
  1224 | D:2      | Reached skill level 6 in Axes
  1253 | D:2      | Found a runed door.
  1499 | D:2      | Noticed Natasha
  1507 | D:2      | Killed Natasha
  1507 | D:2      | Reached XP level 5. HP: 45/45 MP: 5/5
  1562 | D:2      | Noticed Crazy Yiuf
  1567 | D:2      | Killed Crazy Yiuf
  1567 | D:2      | Reached skill level 7 in Axes
  2005 | D:3      | Reached skill level 8 in Axes
  2050 | D:3      | Reached XP level 6. HP: 51/51 MP: 6/6
  2089 | D:3      | Found an ornate altar of the Wu Jian Council.
  2565 | D:4      | Reached skill level 9 in Axes
  2965 | D:4      | Reached XP level 7. HP: 7/57 MP: 0/7
  3397 | D:4      | Reached skill level 10 in Axes
  3673 | D:4      | Noticed Ijyb
  3684 | D:4      | Killed Ijyb
  3689 | D:4      | Found a blossoming altar of Fedhas.
  3801 | D:5      | Entered Level 5 of the Dungeon
  4211 | D:5      | Reached skill level 11 in Axes
  4431 | D:5      | Reached XP level 8. HP: 63/64 MP: 8/8
  4595 | D:5      | Found a glowing golden altar of the Shining One.
  5030 | D:6      | Reached skill level 12 in Axes
  5129 | D:6      | Found a stormy altar of Qazlal.
  5130 | D:6      | Found a radiant altar of Vehumet.
  5131 | D:6      | Found a white marble altar of Elyvilon.
  5261 | D:6      | Became a worshipper of Beogh the Brigand
  5578 | D:6      | Got a scorched leather armour
  5589 | D:6      | Identified the +1 leather armour "Gysywiuf" {Dex+4} (You
                  | found it on level 6 of the Dungeon)
  5666 | D:6      | Reached skill level 13 in Axes
  6131 | D:6      | Reached * piety under Beogh
  6131 | D:6      | Reached skill level 14 in Axes
  6131 | D:6      | Reached XP level 9. HP: 62/70 MP: 6/9
  6645 | D:7      | Found a staircase to the Ecumenical Temple.
  6670 | D:7      | Reached skill level 15 in Axes
  6722 | D:7      | Found an ancient bone altar of Kikubaaqudgha.
  7013 | D:7      | Slain by an orc warrior

Vault maps used:
D:1:      dpeg_arrival_pits, minmay_ruptured
D:2:      nemelex_xobeh_ov_fountains_minmay, uniq_terence,
          uniq_crazy_yiuf_cottage, uniq_natasha
D:3:      lemuel_doored_altar, first_ration
D:4:      minmay_misc_feat_rows, serial_park_tiny_2, fedhas_ov_isle_minmay,
          uniq_ijyb
D:5:      tso_metal_star
D:6:      grunt_temple_overflow_open, st_stairs_10
D:7:      overflow_temple_1_default, minmay_temple_entry_ruins

Skill      XL: |  1  2  3  4  5  6  7  8  9 |
---------------+----------------------------+-----
Axes           | 3 4 5 6 8 9 11 14 15 | 15.5
Fighting       | |  3.6
Armour         | |  3.2
Shields        | |  3.2

Action                   |  1- 3 |  4- 6 |  7- 9 || total
-------------------------+-------+-------+-------++-------
Melee: War axe           |   112 |    36 |    64 ||   212
       Quarterstaff      |       |   111 |   247 ||   358
Invok: Convert to Beogh  |       |       |     1 ||     1
  Use: Potion            |     1 |     1 |     2 ||     4
       Scroll            |       |     3 |     5 ||     8
 Stab: Paralysed         |       |     1 |     1 ||     2
  Eat: Chunk             |       |     3 |     5 ||     8
       Ration            |       |     1 |     3 ||     4
Armor: Scale mail        |    54 |     1 |       ||    55
       Ring mail         |       |    50 |    42 ||    92
       Chain mail        |       |       |    61 ||    61
       Leather armour    |       |       |     6 ||     6
Dodge: Dodged            |    48 |   120 |   205 ||   373
Block: Shield            |    55 |    24 |       ||    79

Table legend:
 A = Non-vault XP
 B = Vault XP
 C = Vault XP percentage of total XP
 D = Non-vault monster count
 E = Vault monster count
 F = Vault count percentage of total count
                 A         B        C        D         E       F
            +---------+---------+-------+---------+---------+-------
      Total |    3225 |     378 |  10.5 |     153 |      11 |   6.7
            +---------+---------+-------+---------+---------+-------
        D:1 |      27 |       9 |  25.0 |      17 |       5 |  22.7
        D:2 |     102 |     111 |  52.1 |      22 |       3 |  12.0
        D:3 |     111 |       0 |   0.0 |      24 |       0 |   0.0
        D:4 |     492 |      36 |   6.8 |      29 |       1 |   3.3
        D:5 |     456 |       0 |   0.0 |      14 |       0 |   0.0
        D:6 |     848 |     222 |  20.7 |      28 |       2 |   6.7
        D:7 |    1189 |       0 |   0.0 |      19 |       0 |   0.0
            +---------+---------+-------+---------+---------+-------
